AoeStats
← uinnht

Arabia

505453377Analyzed
1v1 RM · 23d ago on Sep 9, 2026· 143m 35s· 2 players
Game mode
Random Map
Map size
Tiny (2 player)
Population
200
Speed
Normal
Resources
Standard
Victory
Conquest
Starting age
Dark Age
Ending age
Imperial Age
RankedLock teamsTeams togetherTeam positionsShared explorationLock speedFull tech treeHidden civsTurbo modeCheats
Victory
Defeat
731
+11
🇨🇳 Spanish · China
613
-11
uinnht
5:41 Loom
12:39 Feudal Age
13:43 Horse Collar
13:52 Double-Bit Axe
20:59 Forging
22:09 Bloodlines
22:06 Man-at-Arms
24:35 Wheelbarrow
28:53 Gold Mining
30:21 Stone Mining
32:28 Padded Archer Armor
33:03 Fletching
34:50 Town Watch
36:33 Scale Mail Armor
51:26 Castle Age
52:04 Castle Age
53:19 Medium Warships
53:53 Bodkin Arrow
56:52 Ballistics
56:36 Murder Holes
57:53 Masonry
61:56 Bow Saw
66:45 Hand Cart
71:04 Hand Cart
71:54 Stone Shaft Mining
83:35 Town Patrol
91:07 Imperial Age
90:27 Heavy Plow
游戏虽菜但人很帅
9:14 Feudal Age
9:26 Feudal Age
15:36 Fletching
16:09 Double-Bit Axe
17:20 Padded Archer Armor
20:59 Wheelbarrow
22:14 Scale Barding Armor
26:40 Castle Age
29:04 Bodkin Arrow
29:28 Leather Archer Armor
29:58 Loom
33:37 Husbandry
37:57 Imperial Age
36:17 Gold Mining
36:17 Stone Mining
37:01 Light Cavalry
39:29 Bracer
40:56 Conscription
40:44 Warwolf
41:11 Crossbowman
43:45 Hand Cart
43:42 Bow Saw
44:44 Chemistry
44:06 Ballistics
43:37 Arbalester
45:00 Cavalier
48:06 Ring Archer Armor
47:58 Chain Barding Armor
47:39 Scale Mail Armor
47:49 Forging
49:20 Town Watch
51:48 Treadmill Crane
52:24 Masonry
53:00 Gold Shaft Mining
52:39 Elite Longbowman
53:40 Yeomen
53:57 Hoardings
57:09 Town Patrol
59:16 Fervor
59:27 Sanctity
59:27 Block Printing
60:45 Architecture
60:12 Murder Holes
60:18 Guard Tower
60:16 Arrowslits
63:36 Devotion
64:14 Theocracy
71:21 Iron Casting
71:02 Chain Mail Armor
71:22 Plate Barding Armor
Connection lost

Rejoining the realm…

Still unreachable

The connection could not be restored.

Session expired

The server has moved on; the page needs a fresh start.